 Dungeon Crawl Stone Soup version 0.31.0-2-g5a2aebc5c2 (webtiles) character file.

Game seed: 3203166822632060831

742 gelatine the Shooter (level 7, 0/55 HPs)
             Began as a Demonspawn Hunter on Jan 20, 2024.
             Slain by a gnoll sergeant
             ... wielding a +0 trident
              (9 damage)
             ... on level 4 of the Dungeon.
             The game lasted 00:08:14 (4757 turns).

gelatine the Shooter (Demonspawn Hunter)            Turns: 4757, Time: 00:08:15

Health: 0/55       AC:  5    Str: 17    XL:     7   Next: 47%
Magic:  7/7        EV: 12    Int: 10    God:
Gold:   92         SH:  0    Dex: 18    Spells: 6/6 levels left

rFire   . . .        a - +0 shortbow
rCold   . . .        (shield currently unavailable)
rNeg    . . .        c - +0 leather armour
rPois   .            (no helmet)
rElec   .            (no cloak)
rCorr   .            (no gloves)
SInv    .            p - +0 pair of boots
Will    .....        (no amulet)
Stlth   ++           k - +6 ring of strength
HPRegen 0.29/turn    t - ring of flight
MPRegen 0.20/turn

%: no passive effects
@: flying
A: rugged brown scales 1, magic regeneration
a: no special abilities


You were on level 4 of the Dungeon.
You visited 1 branch of the dungeon, and saw 5 of its levels.

You collected 202 gold pieces.
You spent 110 gold pieces at shops.

Inventory:

Hand Weapons
 a - a +0 shortbow (weapon)
 g - a +0 sling
Armour
 c - a +0 leather armour (worn)
 p - a +0 pair of boots (worn)
Jewellery
 k - a +6 ring of strength (left hand)
 t - a ring of flight (right hand)
 u - a ring of positive energy
Scrolls
 b - a scroll of butterflies
 d - 2 scrolls of silence
 l - a scroll of revelation
 m - a scroll of vulnerability
 n - a scroll of fear
 o - 4 scrolls of teleportation {unknown}
 q - a scroll of noise {unknown}
Potions
 f - a potion of ambrosia
 h - 4 potions of curing
 i - a potion of mutation
 j - 2 potions of attraction
 r - a potion of might
 s - 2 potions of heal wounds


   Skills:
 + Level 4.0 Fighting
 + Level 7.0 Ranged Weapons
 + Level 2.0 Armour
 + Level 2.3 Dodging
 + Level 1.6 Stealth


You had 6 spell levels left.
You didn't know any spells.
Your spell library contained the following spells:

 Spells                   Type           Power      Damage    Failure   Level
 Freeze                   Ice            0%         1d3       41%         1
 Magic Dart               Conj           0%         1d3       41%         1
 Blink                    Tloc           0%         N/A       56%         2
 Call Imp                 Summ           0%         N/A       56%         2
 Frozen Ramparts          Ice            0%         1d1       80%         3
 Hailstorm                Conj/Ice       0%         3d5       80%         3


Dungeon Overview and Level Annotations

Branches:
Dungeon (5/15)
 Temple: D:4-7

Altars:
Dithmenos

Shops:
D:3 !


Innate Abilities, Weirdness & Mutations

You are partially covered in rugged brown scales. (AC +1, +3% HP)
You regenerate magic rapidly.


Message History

You shoot an arrow.
The arrow closely misses the gnoll sergeant.
The arrow hits the gnoll but does no damage.
The gnoll sergeant barely misses you.
You shoot an arrow. The arrow hits the gnoll sergeant.
The gnoll sergeant is moderately wounded.
The gnoll sergeant hits you with a +0 trident!
You shoot an arrow. The arrow hits the gnoll sergeant.
The gnoll sergeant is heavily wounded.
The gnoll sergeant hits you with a +0 trident!
The gnoll sergeant closely misses you.
You shoot an arrow. The arrow hits the gnoll sergeant.
The gnoll sergeant is severely wounded.
The gnoll sergeant hits you with a +0 trident!
You are too injured to fight recklessly!
You are too injured to fight recklessly!
You are too injured to fight recklessly!
You are too injured to fight recklessly!
You shoot an arrow.
The arrow closely misses the gnoll sergeant.
The arrow hits the gnoll.
The gnoll is moderately wounded.
The gnoll sergeant closely misses you.
You shoot an arrow.
The arrow hits the gnoll sergeant but does no damage.
The gnoll sergeant is severely wounded.
The gnoll sergeant hits you with a +0 trident.
You shoot an arrow.
The arrow barely misses the gnoll sergeant.
The arrow hits the gnoll.
The gnoll is heavily wounded.
The gnoll sergeant hits you with a +0 trident!
* * * LOW HITPOINT WARNING * * *
The gnoll sergeant hits you but does no damage.
You fly upwards.
There is a stone staircase leading down here.
You shoot an arrow.
The arrow barely misses the gnoll sergeant.
The gnoll sergeant hits you with a +0 trident!
You die...

##[.....#..##...# ##...##
#.....##.......# #.###.
#....####.....## ##.#... ##..##
#...>.# ##..##.. #.## ##.<..##
#...###. ### #....## ##..## ##
###..## ##..#### # ##g.#
###..#...## #†@#####.........#
##....#...........##
#..................# ####
##................... ##..###
##....#...............
##.....####....##.............##
##.......##....##............###
#..............##..........###
#.............###........###


You could see a gnoll sergeant.

Vanquished Creatures
  A black bear (D:4)
  2 ogres (D:4)
  Blork the orc (D:4)
  A bombardier beetle (D:3)
  2 hounds
  2 sleepcaps
  An iguana (D:4)
  10 gnolls
  5 adders
  2 dart slugs
  A ribbon worm (D:3)
  An orc (D:2)
  13 endoplasms
  6 giant cockroaches
  9 goblins
  7 hobgoblins
  8 jackals
  2 quokkas
  6 ball pythons
  5 bats
  4 frilled lizards (D:1)
  14 kobolds
  A rat (D:2)
104 creatures vanquished.

Notes
Turn   | Place    | Note
-------+----------+-------------------------------------------
     0 | D:1      | gelatine the Demonspawn Hunter began the quest for the Orb.
     0 | D:1      | Reached XP level 1. HP: 16/16 MP: 1/1
    59 | D:1      | Reached skill level 4 in Ranged Weapons
    72 | D:1      | Gained mutation: You regenerate magic rapidly. [demonic
                  | ancestry]
    72 | D:1      | Reached XP level 2. HP: 21/22 MP: 2/2
   395 | D:1      | Gained mutation: You are partially covered in rugged brown
                  | scales. (AC +1, +3% HP) [demonic ancestry]
   395 | D:1      | Reached XP level 3. HP: 19/27 MP: 3/3
  1561 | D:2      | Found a faded altar of an unknown god.
  1637 | D:3      | Reached XP level 4. HP: 35/35 MP: 4/4
  1641 | D:3      | Reached skill level 1 in Armour
  1814 | D:3      | Found Jib Omos's Distillery.
  1822 | D:3      | Bought a potion of heal wounds for 50 gold pieces
  1822 | D:3      | Bought a potion of curing for 30 gold pieces
  1822 | D:3      | Bought a potion of curing for 30 gold pieces
  1853 | D:3      | Reached skill level 1 in Stealth
  1889 | D:3      | Reached skill level 5 in Ranged Weapons
  2017 | D:3      | Found a shadowy altar of Dithmenos.
  2066 | D:3      | Reached XP level 5. HP: 18/42 MP: 5/5
  2813 | D:4      | Noticed a black bear
  2822 | D:4      | Killed a black bear
  2823 | D:4      | Reached XP level 6. HP: 9/48 MP: 6/6
  3180 | D:4      | Reached skill level 6 in Ranged Weapons
  3602 | D:4      | Reached XP level 7. HP: 6/53 MP: 7/7
  3816 | D:4      | Noticed Blork the orc
  3824 | D:4      | Killed Blork the orc
  4238 | D:5      | Entered Level 5 of the Dungeon
  4295 | D:5      | Noticed an angel
  4632 | D:4      | Reached skill level 7 in Ranged Weapons
  4757 | D:4      | Slain by a gnoll sergeant

Illustrated notes

Levels and vault maps discovered:
D:1:      scummos_arrival_hexagon, layout_loops_ring
D:2:      minmay_evil_eye, layout_loops_ring, chequers_ecumenical_altar_lobes
D:3:      layout_basic, nicolae_overflow_crystal_walls, serial_shops, shop
D:4:      minmay_skewed_foursquare, layout_cave_pods, uniq_blork_the_orc
D:5:      layout_layer_cave, mainiacjoe_overflow_surrounded_room, zin_angel,
          hangedman_abyss_or_decor_stabs, minivault_23

Skill      XL: |  1  2  3  4  5  6  7 |
---------------+----------------------+-----
Ranged Weapons | 4 5 6 7 |  7.0
Armour         | 1 2 |  2.0
Stealth        | 1 |  1.6
Dodging        | 2 |  2.3
Fighting       | 3 4 |  4.0

Action                     |  1- 3 |  4- 6 |  7- 9 || total
---------------------------+-------+-------+-------++-------
   Fire: Shortbow          |   123 |   202 |    80 ||   405
    Use: Scroll            |       |     8 |       ||     8
 Armour: Leather armour    |    36 |    68 |    41 ||   145
  Dodge: Dodged            |    35 |    58 |    43 ||   136
